 Dungeon Crawl Stone Soup version 0.27.1-33-g824d729ab1 (webtiles) character file.

Game seed: 6993418003090333746

102 Destapler the Skirmisher (level 4, -2/40 HPs)
             Began as a Hill Orc Fighter on Dec 26, 2021.
             Was a Believer of Fedhas.
             Slain by a gnoll (8 damage)
             ... on level 2 of the Dungeon.
             The game lasted 00:05:12 (1898 turns).

Destapler the Skirmisher (Hill Orc Fighter)         Turns: 1898, Time: 00:05:13

Health: -2/40      AC:  9    Str: 19    XL:     4   Next: 78%
Magic:  4/4        EV:  5    Int: 14    God:    Fedhas [**....]
Gold:   61         SH:  9    Dex: 10    Spells: 3/3 levels left

rFire    . . .     SeeInvis .   a - +0 war axe
rCold    + . .     Faith    .   c - +0 kite shield
rNeg     . . .     Spirit   .   l - +0 chain mail
rPois    .         Reflect  .   (no helmet)
rElec    .         Harm     .   (no cloak)
rCorr    .         Rampage  .   (no gloves)
Will     .....                  (no boots)
Stlth    ..........             (no amulet)
HPRegen  0.13/turn              k - ring of protection from cold
MPRegen  0.09/turn              f - +6 ring of intelligence

@: mighty
A: no striking features
a: Renounce Religion, Wall of Briars


You were on level 2 of the Dungeon.
You worshipped Fedhas.
Fedhas was pleased with you.
You visited 1 branch of the dungeon, and saw 2 of its levels.

You collected 61 gold pieces.

Inventory:

Hand Weapons
 a - a +0 war axe (weapon)
Missiles
 e - a throwing net
 i - 15 poisoned darts (quivered)
Armour
 c - a +0 kite shield (worn)
 l - a +0 chain mail (worn)
Jewellery
 f - a +6 ring of intelligence (right hand)
 k - a ring of protection from cold (left hand)
Wands
 b - a wand of iceblast (6)
Scrolls
 h - 2 scrolls of fog {unknown}
 j - a scroll of blinking {unknown}
 m - a scroll of identify {unknown}
Potions
 g - a potion of brilliance {unknown}


   Skills:
 + Level 4.2 Fighting
 + Level 3.7 Axes
 + Level 0.8 Throwing
 + Level 3.9 Armour
 + Level 0.4 Dodging
 + Level 3.9 Shields
 + Level 1.3 Invocations


You had 3 spell levels left.
You didn't know any spells.
Your spell library contained the following spells:

 Spells                   Type           Power      Damage    Failure   Level
 Stone Arrow              Conj/Erth      0%         3d7       100%        3
 Bolt of Magma            Conj/Fire/Erth 0%         4d4       100%        5
 Shatter                  Erth           0%         3d5*      100%        9


Dungeon Overview and Level Annotations

Branches:
Dungeon (2/15)

Altars:
Fedhas


Message History

You block the gnoll's attack. x2; The gnoll hits you with a +0 spear.
Your chain mail prevents you from hitting the gnoll.
The gnoll is heavily wounded.
You hit the gnoll but do no damage. You block the gnoll's attack.
The gnoll hits you from afar with a +0 halberd.
The gnoll barely misses you. x2
The gnoll hits you from afar with a +0 halberd.
You feel very mighty all of a sudden. The gnoll hits you but does no damage.
The gnoll hits you with a +0 flail. You block the gnoll's attack.
You slash the gnoll!
You kill the gnoll!
Fedhas appreciates your contribution to the ecosystem.
You barely miss the gnoll. The gnoll hits you with a +0 flail.
You block the gnoll's attack.
You closely miss the gnoll. You block the gnoll's attack.
The gnoll barely misses you. The gnoll hits you but does no damage.
The gnoll hits you from afar with a +0 halberd.
You slash the gnoll!
The gnoll is severely wounded.
The gnoll hits you with a +0 flail.
* * * LOW HITPOINT WARNING * * *
The gnoll hits you from afar with a +0 halberd.
* * * LOW HITPOINT WARNING * * *
You closely miss the gnoll.
The gnoll is severely wounded.
You block the gnoll's attack.
The gnoll hits you from afar with a +0 halberd.
* * * LOW HITPOINT WARNING * * *
The gnoll hits you but does no damage.
The gnoll hits you from afar with a +0 halberd.
* * * LOW HITPOINT WARNING * * *
You slice the gnoll!!
You kill the gnoll!
Fedhas appreciates your contribution to the ecosystem.
The gnoll hits you but does no damage.
Unknown command.
The gnoll hits you with a +0 halberd!
You die...
Fedhas appreciates your contribution to the ecosystem.

........................#
..........##............#### ..
........gg.................## #.#
#########g################...
#.####### #g######≈≈####..###..
........#####....8#.≈≈.##.##.#.#.
...............#g.#.≈≈.#.##.##...
.............>.#g##.≈≈..###.##...
........###..###@##.≈≈.## #.##.#.
....>...###.####.##.≈≈.# ##.##..
........)......#.8#.≈≈.#. #.#...
......##########.(#.≈≈.#.###.##..
......##########.##†≈≈.##.#.##.#.
.............).#)##.≈≈.# #.###...
............†..#.##.≈≈.# ##.##...
...............#.8#.≈≈.# ##.#.#.
......##########..#.≈≈.# ##.###..


You could see 2 gnolls.

Vanquished Creatures
  2 gnolls (D:2)
  3 adders (D:2)
  2 worms (D:2)
  4 endoplasms
  2 giant cockroaches
  7 goblins
  6 hobgoblins
  5 kobolds
  2 quokkas
  8 ball pythons
  4 bats (D:1)
  2 frilled lizards
  4 rats
51 creatures vanquished.

Notes
Turn   | Place    | Note
-------+----------+-------------------------------------------
     0 | D:1      | Destapler the Hill Orc Fighter began the quest for the Orb.
     0 | D:1      | Reached XP level 1. HP: 19/19 MP: 1/1
   358 | D:1      | Reached XP level 2. HP: 23/27 MP: 2/2
   557 | D:1      | Found a faded altar of an unknown god.
   565 | D:1      | Became a worshipper of Fedhas Madash
   565 | D:1      | Reached * piety under Fedhas
   904 | D:1      | Reached skill level 4 in Fighting
  1009 | D:2      | Reached XP level 3. HP: 30/33 MP: 3/3
  1452 | D:2      | Reached ** piety under Fedhas
  1577 | D:2      | Reached XP level 4. HP: 34/40 MP: 4/4
  1586 | D:2      | Reached skill level 1 in Invocations
  1898 | D:2      | Slain by a gnoll

Illustrated notes

Levels and vault maps discovered:
D:1:      minmay_arrival_widening_spiral_wide, layout_rooms,
          hellmonk_ecumenical_altar_leap_of_faith
D:2:      wad_river_or_something, layout_rooms

Skill      XL: |  1  2  3  4 |
---------------+-------------+-----
Axes           | 3 |  3.7
Fighting       | 4 |  4.2
Invocations    | 1 |  1.3
Throwing       | |  0.8
Armour         | |  3.9
Dodging        | |  0.4
Shields        | |  3.9

Action                   |  1- 3 |  4- 6 || total
-------------------------+-------+-------++-------
Melee: War axe           |   122 |    33 ||   155
Throw: Dart              |    14 |       ||    14
  Use: Potion            |       |     1 ||     1
Armor: Scale mail        |    66 |     7 ||    73
       Chain mail        |       |    20 ||    20
Dodge: Dodged            |    37 |    12 ||    49
Block: Kite shield       |    58 |    20 ||    78
